 Dungeon Crawl Stone Soup version 0.22.1-2-g9c5b331383 (webtiles) character file.

240 Gargoyl the Skirmisher (level 5, -12/46 HPs)
             Began as a Centaur Abyssal Knight on Dec 16, 2018.
             Was a Priest of Lugonu.
             Mangled by an ogre
             ... wielding a +0 giant club
              (15 damage)
             ... on level 3 of the Dungeon.
             The game lasted 00:07:37 (3846 turns).

Gargoyl the Skirmisher (Centaur Abyssal Knight)     Turns: 3846, Time: 00:07:38

Health: -12/46     AC:  9    Str: 14    XL:     5   Next: 79%
Magic:  7/7        EV:  4    Int: 11    God:    Lugonu [***...]
Gold:   196        SH:  0    Dex: 10    Spells: 4/4 levels left

rFire    . . .     SeeInvis .   a - +2 hand axe
rCold    . . .     Gourm    .   (no shield)
rNeg     . . .     Faith    .   d - +1 chain mail
rPois    .         Spirit   .   (no helmet)
rElec    .         Reflect  .   (no cloak)
rCorr    .         Harm     .   (no gloves)
MR       .....                  (no barding)
Stlth    ..........             (no amulet)
HPRegen  0.15/turn              (no ring)
MPRegen  0.10/turn              (no ring)

@: very quick
A: large, hooves 3, deformed body, speed 2, tough skin 3
a: Depart the Abyss, Bend Space, Banish, Renounce Religion


You were on level 3 of the Dungeon.
You worshipped Lugonu.
Lugonu was most pleased with you.
You were near starving.

You visited 1 branch of the dungeon, and saw 4 of its levels.
You visited the Abyss 1 time.

You collected 196 gold pieces.

Inventory:

Hand Weapons
 a - a +2 hand axe (weapon)
Armour
 d - a +1 chain mail (worn)
Scrolls
 f - a scroll of enchant weapon
 g - 2 scrolls of identify
 i - a scroll of remove curse
Potions
 b - a potion of ambrosia {unknown}
 e - 5 potions of curing
 h - a potion of magic {unknown}
 j - 2 potions of heal wounds {unknown}
Comestibles
 c - 11 rations


   Skills:
 + Level 3.9 Fighting
 + Level 2.9 Axes
 * Level 3.0 Armour
 + Level 1.0 Dodging
 * Level 3.2 Invocations


You had 4 spell levels left.
You didn't know any spells.
Your spell library was empty.

Dungeon Overview and Level Annotations

Branches:
Dungeon (4/15)
 Temple: D:4-7

Altars:


Innate Abilities, Weirdness & Mutations

You have hooves in place of feet.
Armour fits poorly on your strangely shaped body.
You cover ground very quickly.
You have extremely tough skin. (AC +3)


Message History

You start resting.
HP restored.
An ogre comes into view. It is wielding a giant club.
The ogre shouts!
You hear an angry hiss.
An ogre is nearby!
A hound comes into view.
The hound barks!
A ball python comes into view.
You start waiting.
The ogre is too close now for your liking.
There is a stone staircase leading up here.
The ogre hits you with a giant club!
You climb upwards.
There is a stone staircase leading down here.
You barely miss the ogre. The ogre hits you with a giant club!!
Ouch! That really hurt!
* * * LOW HITPOINT WARNING * * *
You hit the ogre. You kick the ogre.
The ogre is moderately wounded.
The ogre hits you with a giant club!
You die...

##..........#####.
#...............'.
######...........#####.
#...[........#######...
#.###........#....##.##
#.#....÷.....#....##.##
#.#..<.......#.......##
#.###........#....#####
#....O@...÷............
######.##.#######.######
#....#.##.#.......# #
#.##.#.##.#.####### ###
##.##.#......### #..
#..[...........# #.#
#######.#####.##.# #.#
#.....#.# #.##.# #..
#.###.#.#####....##########


You could see an ogre.

Vanquished Creatures
  A phantom (D:4)
  An adder (D:2)
  4 gnolls (D:3)
  An adder skeleton (D:4)
  5 worms
  A dart slug (D:2)
  A leopard gecko (D:1)
  10 orcs
  7 bats
  A giant cockroach (D:1)
  9 hobgoblins
  3 jackals (D:1)
  2 quokkas (D:3)
  4 ball pythons
  2 frilled lizards (D:2)
  13 goblins
  7 kobolds
  5 rats
77 creatures vanquished.

Notes
Turn   | Place    | Note
-------+----------+-------------------------------------------
     0 | Abyss:1  | Gargoyl the Centaur Abyssal Knight began the quest for the
                  | Orb.
     0 | Abyss:1  | Reached XP level 1. HP: 19/19 MP: 2/2
    10 | Abyss:1  | Found a corrupted altar of Lugonu.
    72 | Abyss:2  | Noticed a blink frog
    83 | Abyss:2  | Noticed a jelly
   102 | Abyss:2  | Noticed a large abomination
   104 | Abyss:2  | Noticed a wretched star
   105 | D:1      | Escaped the Abyss
   332 | D:1      | Reached * piety under Lugonu
   348 | D:1      | Reached XP level 2. HP: 12/26 MP: 3/3
   889 | D:1      | Reached XP level 3. HP: 28/31 MP: 4/4
  1151 | D:2      | Reached ** piety under Lugonu
  2049 | D:2      | Reached XP level 4. HP: 23/38 MP: 5/5
  2908 | D:3      | Reached XP level 5. HP: 23/46 MP: 7/7
  3509 | D:4      | Noticed a phantom
  3564 | D:4      | Killed a phantom
  3564 | D:4      | Reached *** piety under Lugonu
  3564 | D:4      | Reached skill level 1 in Dodging
  3788 | D:4      | Noticed an ogre
  3846 | D:3      | Mangled by an ogre

Skill      XL: |  1  2  3  4  5 |
---------------+----------------+-----
Armour         | 2 3 |  3.0
Axes           | 2 |  2.9
Invocations    | 3 |  3.2
Dodging        | 1 |  1.0
Fighting       | |  3.9

Action                   |  1- 3 |  4- 6 || total
-------------------------+-------+-------++-------
Melee: Hand axe          |   138 |    96 ||   234
       Kick              |    17 |    20 ||    37
       Falchion          |       |    35 ||    35
Invok: Depart the Abyss  |     1 |       ||     1
  Use: Scroll            |     2 |     5 ||     7
       Potion            |       |     1 ||     1
  Eat: Chunk             |     2 |     4 ||     6
Armor: Chain mail        |   141 |   103 ||   244
Dodge: Dodged            |    44 |    33 ||    77
       Rpst.: Falchion   |       |     2 ||     2
